 Dungeon Crawl Stone Soup version 0.28-a0-206-gc2c9e32840 (webtiles) character file.

Game seed: 9164497304229607148

10838 rabbitsville the Severer (level 11, -1/104 HPs)
             Began as a Minotaur Berserker on Aug 20, 2021.
             Was a High Priest of Trog.
             Killed by divine providence
             ... invoked by an orc high priest
              (10 damage)
             ... on level 2 of the Orcish Mines.
             The game lasted 00:40:49 (10821 turns).

rabbitsville the Severer (Minotaur Berserker)      Turns: 10821, Time: 00:40:50

Health: -1/104     AC:  7    Str: 25    XL:     11   Next: 41%
Magic:  10/10      EV: 12    Int:  4    God:    Trog [*****.]
Gold:   780        SH:  0    Dex: 10    Spells: 10/10 levels left

rFire   . . .      SeeInvis +   E - +2 battleaxe (elec)
rCold   + + +      Faith    .   (shield currently unavailable)
rNeg    . . .      Spirit   .   q - +4 skin of Zhor {*Englaciate rC+++ SInv}
rPois   +          Reflect  .   r - +0 hat
rElec   .          Harm     .   (no cloak)
rCorr   .          Rampage  .   (no gloves)
Will    .....                   e - +0 pair of boots
Stlth   ++........              (no amulet)
HPRegen 0.27/turn               y - ring of protection from cold
MPRegen 0.12/turn               A - ring of poison resistance

@: on berserk cooldown, slowed, very slow
A: horns 2, retaliatory headbutt
a: Renounce Religion, Berserk, Trog's Hand, Brothers in Arms


You were on level 2 of the Orcish Mines.
You worshipped Trog.
Trog was extremely pleased with you.
You visited 2 branches of the dungeon, and saw 12 of its levels.

You collected 780 gold pieces.

Inventory:

Hand Weapons
 h - a +0 war axe
 E - a +2 battleaxe of electrocution (weapon)
Missiles
 a - 14 poisoned darts (quivered)
 b - 2 throwing nets
 F - a curare-tipped dart
Armour
 e - a +0 pair of boots (worn)
 q - the +4 skin of Zhor (worn) {*Englaciate rC+++ SInv}
   (You found it on level 4 of the Dungeon)

   It radiates cold, occasionally slowing all nearby creatures who are not
   resistant to cold.
   rC:        It renders you almost immune to cold.
   SInv:      It lets you see invisible.
 r - a +0 hat (worn)
Jewellery
 y - a ring of protection from cold (left hand)
 A - a ring of poison resistance (right hand)
Scrolls
 c - 2 scrolls of noise
 f - a scroll of vulnerability {unknown}
 g - 4 scrolls of teleportation
 l - 2 scrolls of magic mapping
 m - 2 scrolls of blinking
 n - a scroll of enchant armour
 s - a scroll of immolation
 t - a scroll of brand weapon
 w - a scroll of holy word {unknown}
 x - a scroll of enchant weapon {unknown}
 B - a scroll of fear {unknown}
 C - 3 scrolls of summoning
Potions
 d - a potion of might {unknown}
 i - 3 potions of curing
 j - 4 potions of heal wounds
 k - 4 potions of attraction
 o - a potion of flight {unknown}
 u - a potion of lignification {unknown}
 v - a potion of berserk rage {unknown}
 z - a potion of haste {unknown}
Miscellaneous
 D - a piece from Xom's chessboard (15/15)


   Skills:
 + Level 11.9 Fighting
 * Level 17.1 Axes
 - Level 2.4 Armour
 - Level 2.1 Dodging
 - Level 2.0 Stealth


You had 10 spell levels left.
You didn't know any spells.
Your spell library was empty.

Dungeon Overview and Level Annotations

Branches:
Dungeon (10/15)            Temple (0/1) D:4             Orc (2/2) D:9
    Elf (0/3) Orc:2
   Lair: D:8-11

Altars:
Zin
Beogh

Shops:
D:2 =   D:5 =

Annotations:
D:3 1 runed translucent door
D:9 3 runed translucent doors


Innate Abilities, Weirdness & Mutations

You have a pair of horns on your head.
You reflexively headbutt those who attack you in melee.


Message History

You hit the orc warrior.
The orc warrior is no longer moving slowly.
The orc warrior hits you with a +0 trident!!
* * * LOW HITPOINT WARNING * * *
You slash the orc wizard!
Lightning courses through the orc wizard!
You kill the orc wizard!
Trog accepts your kill.
Trog appreciates your killing of a magic user.
You hit the orc warrior but do no damage.
You slash the orc warrior!
You feel the power of Trog in you as your rage grows.
You kill the orc warrior!
Trog accepts your kill.
An orc warrior comes into view. It is wielding a +0 battleaxe.
Your iron troll bites the orc priest!!
The orc priest dies!
Trog accepts your kill. The orc warrior closely misses you.
You closely miss the orc warrior. You headbutt the orc warrior!
The orc warrior is moderately wounded.
An orc sorcerer comes into view.
It is wielding a +0 dagger and wearing a +2 robe of cold resistance.
Your iron troll barely misses the orc warrior.
Your iron troll claws the orc warrior!! x2
The orc warrior dies!
Trog accepts your kill.
The orc warrior hits you from afar with a +0 trident!
* * * LOW HITPOINT WARNING * * *
You feel a strong urge to attack something.
You are no longer berserk.
You are exhausted.
You feel yourself slow down.
The orc wizard is no longer moving slowly.
Your iron troll bites the orc wizard!
The orc wizard dies!
Trog accepts your kill.
Trog appreciates your killing of a magic user.
The orc high priest invokes the aid of Beogh against you.
Beogh smites you!
You die...

......._o.......
.......oo.o....
..O..........
##....oo...#
#..o..o.o.. #)o))o#
#)T)o.# #8)..8#
#...@.# # #.....#
###. ##...## #....
#.).## .....##..###
#..........##
##...#......#
#...........### #
................###.#


You could see an orc knight, an orc high priest (strong), 4 orc warriors, an
ogre, 3 orc wizards, 2 orcs and a friendly iron troll (summoned, berserk).

Vanquished Creatures
  A two-headed ogre (D:7)
  2 skeletal warriors
  2 orc knights (Orc:2)
  An orc sorcerer (Orc:2)
  A manticore (D:8)
  A cyclops (D:9)
  A molten gargoyle (D:9)
  An unseen horror (D:10)
  3 trolls
  A hornet (D:8)
  Sigmund (D:3)
  A shadow (D:6)
  6 humans (D:7)
  A steam dragon (D:4)
  A warg (Orc:2)
  An ice beast (D:6)
  2 sky beasts
  8 orc warriors
  4 necrophages
  4 ogres
  3 centaurs
  2 kobold brigands
  4 bullfrogs
  3 scorpions
  A wyvern skeleton (D:4)
  A water moccasin zombie (D:5)
  The ghost of krigyl the Ruffian, a weakling TrAr (D:3)
  2 wights (D:9)
  4 electric eels (D:6)
  2 centaur zombies
  A jelly (D:5)
  A hound (D:4)
  An orc priest (D:6)
  A bullfrog skeleton (D:5)
  A centaur skeleton (D:4)
  Ijyb (D:3)
  3 iguanas
  9 orc wizards
  2 killer bee zombies (D:8)
  A hound skeleton (D:4)
  3 mummies (D:9)
  Robin (D:3)
  2 howler monkey zombies
  3 howler monkey skeletons
  6 adders
  3 gnolls (D:7)
  A river rat (D:3)
  A white imp (D:7)
  An ufetubus (D:5)
  An adder skeleton (D:4)
  An adder zombie (D:5)
  3 worms (D:3)
  14 dart slugs
  32 orcs
  3 bats
  5 endoplasms
  4 giant cockroaches
  15 goblins
  12 hobgoblins
  17 jackals
  19 kobolds
  A quokka (D:4)
  8 ball pythons
  7 frilled lizards
  4 rats
254 creatures vanquished.

Vanquished Creatures (collateral kills)
  Urug (Orc:2)
  A warg (Orc:2)
  2 orc warriors (Orc:2)
  An orc priest (Orc:2)
  An orc wizard (Orc:2)
6 creatures vanquished.

Vanquished Creatures (others)
  2 withered plants (D:9)
2 creatures vanquished.

Grand Total: 262 creatures vanquished

Notes
Turn   | Place    | Note
-------+----------+-------------------------------------------
     0 | D:1      | rabbitsville the Minotaur Berserker began the quest for the
                  | Orb.
     0 | D:1      | Reached XP level 1. HP: 19/19 MP: 0/0
   296 | D:1      | Reached XP level 2. HP: 27/27 MP: 1/1
   424 | D:1      | Reached skill level 4 in Axes
   481 | D:1      | Found a faded altar of an unknown god.
  1281 | D:2      | Reached XP level 3. HP: 29/33 MP: 2/2
  1314 | D:2      | Reached ** piety under Trog
  1331 | D:2      | Found Hazxoave's Jewellery Boutique.
  1496 | D:2      | Reached skill level 5 in Axes
  1887 | D:2      | Reached XP level 4. HP: 30/41 MP: 3/3
  2294 | D:3      | Noticed Sigmund
  2303 | D:3      | Killed Sigmund
  2304 | D:3      | Reached skill level 5 in Fighting
  2304 | D:3      | Reached skill level 6 in Axes
  2304 | D:3      | Reached skill level 1 in Stealth
  2304 | D:3      | Reached XP level 5. HP: 42/48 MP: 4/4
  3073 | D:3      | Noticed Ijyb
  3080 | D:3      | Noticed a necrophage
  3080 | D:3      | Paralysed by Ijyb for 6 turns
  3090 | D:3      | Killed Ijyb
  3091 | D:3      | Reached skill level 7 in Axes
  3091 | D:3      | Reached XP level 6. HP: 48/56 MP: 5/5
  3255 | D:3      | Found a runed translucent door.
  3257 | D:3      | Noticed krigyl's ghost (weakling TrAr)
  3271 | D:3      | Killed krigyl's ghost
  3275 | D:3      | Found a runed translucent door.
  3367 | D:3      | Noticed Robin
  3372 | D:3      | Reached *** piety under Trog
  3378 | D:3      | Reached skill level 8 in Axes
  3378 | D:3      | Killed Robin
  3928 | D:4      | Noticed a steam dragon
  3935 | D:4      | Killed a steam dragon
  3936 | D:4      | Reached XP level 7. HP: 62/62 MP: 6/6
  3948 | D:4      | Reached skill level 9 in Axes
  4107 | D:4      | Found the +4 skin of Zhor {*Englaciate rC+++ SInv}
  4228 | D:4      | Found a staircase to the Ecumenical Temple.
  4779 | D:5      | Entered Level 5 of the Dungeon
  4893 | D:5      | Reached skill level 10 in Axes
  4978 | D:5      | Reached XP level 8. HP: 61/70 MP: 7/7
  5029 | D:5      | Reached **** piety under Trog
  5165 | D:5      | Found a glowing silver altar of Zin.
  5179 | D:5      | Found Poravell's Jewellery Boutique.
  5576 | D:6      | Reached skill level 11 in Axes
  6478 | D:6      | Reached skill level 12 in Axes
  7046 | D:7      | Noticed a two-headed ogre
  7053 | D:7      | Reached XP level 9. HP: 79/79 MP: 8/8
  7059 | D:7      | Killed a two-headed ogre
  7060 | D:7      | Reached skill level 13 in Axes
  7137 | D:7      | Reached skill level 14 in Axes
  7569 | D:7      | Noticed a troll
  7576 | D:7      | Killed a troll
  7577 | D:7      | Reached XP level 10. HP: 91/91 MP: 9/9
  7954 | D:8      | Paralysed by a hornet for 1 turns
  8205 | D:8      | Noticed a manticore
  8214 | D:8      | Killed a manticore
  8730 | D:9      | Reached skill level 10 in Fighting
  8831 | D:9      | Reached skill level 15 in Axes
  8838 | D:9      | Reached ***** piety under Trog
  8935 | D:9      | Noticed a cyclops
  8946 | D:9      | Killed a cyclops
  9060 | D:9      | Found a staircase to the Orcish Mines.
  9191 | D:9      | Found a runed translucent gate.
  9191 | D:9      | Found a runed translucent gate.
  9192 | D:9      | Found a runed translucent gate.
  9192 | D:9      | Noticed a red ugly thing
  9192 | D:9      | Noticed a green ugly thing
  9192 | D:9      | Noticed a purple ugly thing
  9192 | D:9      | Noticed a red very ugly thing
  9194 | D:9      | Noticed a red ugly thing
  9194 | D:9      | Noticed a glowing orange brain
  9541 | D:10     | Entered Level 10 of the Dungeon
  9544 | D:10     | Noticed a molten gargoyle
  9556 | D:9      | Killed a molten gargoyle
  9719 | D:10     | Noticed a skeletal warrior
  9723 | D:10     | Noticed a skeletal warrior
  9727 | D:10     | Noticed a skeletal warrior
  9727 | D:10     | Noticed a skeletal warrior
  9737 | D:9      | Killed a skeletal warrior
 10081 | D:10     | Reached skill level 16 in Axes
 10188 | D:10     | Killed a skeletal warrior
 10189 | D:10     | Reached XP level 11. HP: 61/102 MP: 10/10
 10268 | Orc:1    | Entered Level 1 of the Orcish Mines
 10474 | Orc:2    | Entered Level 2 of the Orcish Mines
 10487 | Orc:2    | Noticed an orc knight
 10496 | Orc:2    | Found a staircase to the Elven Halls.
 10521 | Orc:2    | Killed an orc knight
 10799 | Orc:2    | Noticed an orc knight
 10805 | Orc:2    | Noticed Urug
 10805 | Orc:2    | Noticed an orc sorcerer
 10814 | Orc:2    | Killed an orc knight
 10814 | Orc:2    | Killed Urug
 10815 | Orc:2    | Killed an orc sorcerer
 10816 | Orc:2    | Reached skill level 17 in Axes
 10816 | Orc:2    | Noticed an orc high priest
 10816 | Orc:2    | Noticed an orc knight
 10819 | Orc:2    | Noticed an orc sorcerer
 10821 | Orc:2    | Killed from afar by an orc high priest

Illustrated notes

Levels and vault maps discovered:
D:1:      dpeg_arrival_orchard, layout_loops_ring,
          hellmonk_ecumenical_altar_leap_of_faith
D:2:      layout_loops_ring, serial_shops, shop, mrwooster_statue_mirror,
          minmay_misc_feat_rugged, dk_vineyard_1, minmay_tetromino_s2
D:3:      layout_basic, ebering_ghost_sewer_f, uniq_ijyb, uniq_sigmund,
          uniq_robin
D:4:      layout_rooms, temple_statues, minmay_goblin_kobold_house
D:5:      layout_rooms, zin_scriptorium, minivault_25,
          minmay_shop_enchanted_jewellery, kennysheep_dice
D:6:      kennysheep_slugbush, layout_basic, kennysheep_cross_room
D:7:      layout_cave_pools, skrybe_limestone_x, minmay_misc_feat_alley,
          minmay_ruffians
D:8:      layout_rooms, kennysheep_potato
D:9:      layout_roguey, orc_0_dummy, serial_undead, serial_undead_d,
          serial_undead_d, serial_undead_c, serial_undead_e, serial_undead_d,
          serial_undead_f, ploomutoo_gammafunk_ghost_potion_laboratory,
          hellmonk_bongcloud_opening
D:10:     layout_cave_pools, lair_entry_dummy, serial_shops, shop, minivault_8
Orc:1:    layout_caves, uniq_maurice
Orc:2:    grunt_orc_cross, layout_caves, serial_shops, nicolae_shop_stone

Skill      XL: |  1  2  3  4  5  6  7  8  9 10 11 |
---------------+----------------------------------+-----
Fighting       | 4 5 6 7 9 11 | 11.9
Axes           | 4 5 6 7 8 10 12 14 16 17 | 17.1
Stealth        | 1 2 |  2.0
Armour         | |  2.4
Dodging        | |  2.1

Action                   |  1- 3 |  4- 6 |  7- 9 | 10-12 || total
-------------------------+-------+-------+-------+-------++-------
Melee: Hand axe          |    90 |   124 |   165 |       ||   379
       Headbutt          |    12 |    22 |    62 |    38 ||   134
       War axe           |       |       |    44 |    96 ||   140
       Battleaxe         |       |       |       |    86 ||    86
Invok: Berserk           |       |     5 |     2 |     7 ||    14
       Brothers in Arms  |       |       |       |     1 ||     1
  Use: Scroll            |       |     1 |     5 |     6 ||    12
       Potion            |       |       |       |     2 ||     2
 Stab: Sleeping          |       |       |     2 |       ||     2
Armor: Animal skin       |     2 |       |    49 |    34 ||    85
       Leather armour    |    24 |       |       |       ||    24
       Ring mail         |     1 |    48 |     9 |       ||    58
Dodge: Dodged            |    69 |    60 |   121 |    71 ||   321

Table legend: (Time is in decaauts)
 A = Elapsed time spent in this place.
 B = Non-inter-level travel time spent in this place.
 C = Inter-level travel time spent in this place.
 D = Time resting spent in this place.
 E = Time spent auto-exploring this place.
 F = Levels seen in this place.
 G = Mean time per level.
                   A        B        C        D        E       F      G
               +--------+--------+--------+--------+--------+-----+--------+
         Total |  10900 |  10532 |    368 |   3076 |   3641 |  12 |  908.3 |
       Dungeon |  10357 |   9989 |    368 |   2894 |   3621 |  10 | 1035.7 |
  Orcish Mines |    543 |    543 |      0 |    182 |     20 |   2 |  271.5 |
               +--------+--------+--------+--------+--------+-----+--------+

Top non-repeatable levels by time:
     D:9: 1472 daAuts
     D:3: 1463 daAuts
     D:6: 1237 daAuts
     D:2: 1147 daAuts
     D:1: 1138 daAuts
     D:4: 1080 daAuts
     D:5: 1021 daAuts
     D:7: 849 daAuts
     D:8: 735 daAuts
   Orc:2: 337 daAuts
    D:10: 211 daAuts
   Orc:1: 205 daAuts
